 Dungeon Crawl Stone Soup version 0.29.1-14-g9c671dbff4 (webtiles) character file.

Game seed: 3502136714092578875

18 Mickster the Magician (level 2, -3/21 HPs)
             Began as a Djinni Air Elementalist on Feb 16, 2023.
             Slain by a gnoll
             ... wielding a +3 flail
              (11 damage)
             ... on level 2 of the Dungeon.
             The game lasted 00:12:58 (1130 turns).

Mickster the Magician (Djinni Air Elementalist)     Turns: 1130, Time: 00:12:58

Health: -3/21      AC:  8    Str:  7    XL:     2   Next: 90%
Gold:   77         EV:  2    Int: 16    God:
                   SH:  0    Dex: 13

rFire   + + .      SeeInvis .   b - +0 dagger
rCold   x . .      Faith    .   (no shield)
rNeg    . . .      Spirit   .   c - +0 chain mail
rPois   ∞          Reflect  .   (no helmet)
rElec   .          Harm     .   (no cloak)
rCorr   .          Rampage  .   (no gloves)
Will    .....                   (boots unavailable)
Stlth   ..........              (no amulet)
HPRegen 0.07/turn               (no ring)
MPRegen 0.00/turn               (no ring)

@: flying
A: sickness immunity, fire resistance 2, cold vulnerability 1, float, innate
caster, HP casting, extra vitality 1
a: no special abilities


You were on level 2 of the Dungeon.
You visited 1 branch of the dungeon, and saw 2 of its levels.

You collected 77 gold pieces.

Inventory:

Hand Weapons
 b - a +0 dagger (weapon)
Missiles
 e - 2 throwing nets (quivered)
Armour
 a - a +0 robe
 c - a +0 chain mail (worn)
 f - a +0 pair of boots
Scrolls
 d - a scroll of identify


   Skills:
 + Level 0.1 Fighting
 + Level 2.6 Dodging
 + Level 1.5 Stealth
 + Level 2.9 Spellcasting


You couldn't memorise any spells.
You knew the following spells:

 Your Spells              Type           Power      Damage    Failure   Level
a - Shock                 Conj/Air       44%        1d5       100%        1
b - Static Discharge      Conj/Air       11%        3-5/arc   100%        2
c - Swiftness             Air            11%        N/A       100%        3
d - Airstrike             Air            5%         2d(1-17)  100%        4
Your spell library was empty.


Dungeon Overview and Level Annotations

Branches:
Dungeon (2/15)

Altars:


Innate Abilities, Weirdness & Mutations

You are immune to sickness and miasma.
You are immune to poison.
Your flesh is very heat resistant. (rF++)
You are vulnerable to cold. (rC-)
You float through the air rather than walking.
You learn spells naturally, not from books.
Your magical power is your life essence.
You have superior vitality. (+4 MHP)


Message History

The bat is severely wounded.
The bat hits you but does no damage.
You closely miss the bat.
The bat is severely wounded.
The bat hits you but does no damage. The bat hits you.
The bat hits you but does no damage. The bat hits you but does no damage.
You closely miss the bat.
The bat is moderately wounded.
The bat hits you but does no damage.
You hit the bat.
You kill the bat!
You reach down and open the door.
There is an open door here.
A gnoll comes into view. It is wielding a +3 flail.
The gnoll shouts!
You hear a shout! x2
A hobgoblin comes into view.
The hobgoblin shouts!
A gnoll comes into view.
It is wielding a +2 whip of electrocution.
The gnoll shouts!
You hit the gnoll.
The gnoll is lightly wounded.
A gnoll comes into view. It is wielding a +0 flail.
The gnoll hits you with a +3 flail.
You hit the gnoll.
The gnoll is lightly wounded.
The gnoll hits you with a +3 flail.
A gnoll comes into view. It is wielding a +0 club.
The gnoll shouts!
You hit the gnoll.
The gnoll is moderately wounded.
The gnoll hits you with a +3 flail.
You barely miss the gnoll.
The gnoll is moderately wounded.
The gnoll hits you but does no damage.
You closely miss the gnoll.
The gnoll is moderately wounded.
The gnoll hits you with a +3 flail!
Ouch! That really hurt!
You die...

####'####
#.......##
#.8#####8.#
#. ##.# #
#.# #.# #.#
##.# #8@#
...gggg##
#######


You could see 3 gnolls and a hobgoblin.

Vanquished Creatures
  A dart slug (D:1)
  2 bats
  An endoplasm (D:1)
  A giant cockroach (D:1)
  2 goblins (D:1)
  4 hobgoblins (D:1)
  2 ball pythons
  A frilled lizard (D:1)
  2 rats (D:1)
16 creatures vanquished.

Notes
Turn   | Place    | Note
-------+----------+-------------------------------------------
     0 | D:1      | Mickster the Djinni Air Elementalist began the quest for
                  | the Orb.
     0 | D:1      | Mickster set off with the following spells memorised:
                  | Shock, Static Discharge, Swiftness, Airstrike.
     0 | D:1      | Reached XP level 1. HP: 15/15 MP: 0/0
   467 | D:1      | Reached XP level 2. HP: 18/21 MP: 0/0
   860 | D:1      | Found a faded altar of an unknown god.
  1130 | D:2      | Slain by a gnoll

Illustrated notes

Levels and vault maps discovered:
D:1:      minmay_arrival_four_houses, layout_basic,
          chequers_ecumenical_altar_simple_redux
D:2:      layout_loops_cross, basic_altar, skrybe_limestone_x, minivault_26,
          grunt_ministairs_11

Action                   || total
-------------------------++-------
Melee: Dagger            ||    51
Throw: Throwing net      ||     1
 Cast: Shock             ||    18
  Use: Potion            ||     3
       Scroll            ||     2
Armor: Robe              ||     2
       Chain mail        ||    35
Dodge: Dodged            ||    20
